 Dungeon Crawl Stone Soup version 0.31.0-32-g396128a36d (webtiles) character file.

Game seed: 131961209067756373

117 swapadeg the Caller (level 5, 0/44 HPs)
             Began as a Naga Summoner on Mar 29, 2024.
             Slain by an adder (4 damage)
             ... on level 2 of the Dungeon.
             The game lasted 00:07:03 (1594 turns).

swapadeg the Caller (Naga Summoner)                 Turns: 1594, Time: 00:07:04

Health: 0/44       AC:  2    Str: 10    XL:     5   Next: 1%
Magic:  6/9        EV: 10    Int: 17    God:
Gold:   74         SH:  0    Dex: 12    Spells: 3/9 levels left

rFire   . . .        h - +0 spear
rCold   . . .        (no shield)
rNeg    . . .        a - +0 robe
rPois   +            (no helmet)
rElec   .            (no cloak)
rCorr   .            (no gloves)
SInv    +            (no barding)
Will    .....        (no amulet)
Stlth   +++          (no ring)
HPRegen 0.27/turn    (no ring)
MPRegen 0.11/turn

%: no passive effects
@: inugami summoned, very slow
A: AC +1, large, see invisible, deformed body, poison resistance, slowness 2,
spit poison 1, naga tail 1
a: Spit Poison


You were on level 2 of the Dungeon.
You visited 1 branch of the dungeon, and saw 3 of its levels.

You collected 74 gold pieces.

Inventory:

Hand Weapons
 h - a +0 spear (weapon)
Armour
 a - a +0 robe (worn)
Wands
 d - a wand of paralysis (15)
 f - a wand of iceblast (12) (quivered)
Scrolls
 e - a scroll of immolation
Potions
 c - a potion of degeneration {unknown}
 i - a potion of brilliance {unknown}
 k - a potion of lignification


   Skills:
 + Level 1.5 Fighting
 + Level 2.3 Dodging
 + Level 4.3 Stealth
 + Level 2.7 Spellcasting
 + Level 4.5 Summonings


You had 3 spell levels left.
You knew the following spells:

 Your Spells              Type           Power      Damage    Failure   Level
a - Summon Small Mammal   Summ           68%        N/A       2%          1
b - Call Imp              Summ           34%        N/A       4%          2
c - Call Canine Familiar  Summ           17%        N/A       9%          3

Your spell library contained the following spells:

 Spells                   Type           Power      Damage    Failure   Level
 Summon Ice Beast         Ice/Summ       9%         N/A       22%         3
 Hailstorm                Conj/Ice       2%         3d5       47%         3
 Summon Blazeheart Golem  Fire/Summ      9%         N/A       56%         4
 Summon Lightning Spire   Summ/Air       9%         N/A       56%         4
 Sculpt Simulacrum        Ice/Alch       1%         N/A       100%        6


Dungeon Overview and Level Annotations

Branches:
Dungeon (3/15)

Altars:


Innate Abilities, Weirdness & Mutations

Your serpentine skin is tough. (AC +1)
You have supernaturally acute eyesight. (SInv)
Armour fits poorly on your strangely shaped body.
Your system is resistant to poisons. (rPois)
You cover ground very slowly.
You can spit poison.
You have a snake-like lower body.


Message History

The sleepcap barely misses your inugami.
Your cerulean imp hits the sleepcap from afar with a -3 spear.
Your bat hits the ball python. The ball python bites your bat.
The ball python closely misses your bat.
Your inugami hits the sleepcap.
The sleepcap is destroyed!
The adder bites you.
* * * LOW HITPOINT WARNING * * *
You have reached level 5!
It was a potion of curing.
You feel better.
Your bat misses the ball python.
Your bat barely misses the ball python.
The adder bites you.
* * * LOW HITPOINT WARNING * * *
Your bat barely misses the ball python.
Your inugami closely misses the kobold.
The frilled lizard closely misses your bat.
Your bat hits the ball python.
Your bat barely misses the adder.
Your bat misses the adder. The adder bites you.
* * * LOW HITPOINT WARNING * * *
Your cerulean imp hits the ribbon worm with a -3 spear.
The kobold throws a stone.
The stone closely misses you.
There is a stone staircase leading up here.
The adder closely misses you. The ball python bites you.
* * * LOW HITPOINT WARNING * * *
Your inugami hits the kobold!
The kobold dies!
You climb upwards.
There is a stone staircase leading down here.
Casting: Summon Small Mammal (safe; 2% risk of failure)
Confirm with . or Enter, or press ? or * to list all spells.
You don't have enough magic to cast this spell.
Magic courses through your body. The adder barely misses you.
The ball python completely misses you. The adder bites you but does no damage.
Casting: Summon Small Mammal (safe; 2% risk of failure)
Confirm with . or Enter, or press ? or * to list all spells.
You call for your canine familiar and it appears with a howl!
The ball python barely misses you. The adder bites you.
* * * LOW HITPOINT WARNING * * *
The ball python bites you.
* * * LOW HITPOINT WARNING * * *
The adder barely misses you.
Your inugami hits the adder. The adder bites you.
You die...

####...### ##.# #......##
#....#...# #.##
######..####
#.######.####..###
##....## ##.#
#...........# ####..# #..#
#...........### ##.. #.##
#.............###### ###
#รท# #..........##......#
.)#####.)......SS##......#
)..............h@###.....#
#######..........###.....#
#####...................<#
......#..........###.....#
#######........>.# #.....#
############ #.....#
#######


You could see an adder (ally target), a ball python and a friendly inugami
(summoned).

Vanquished Creatures
  A ribbon worm (D:2)
  2 hobgoblins (D:2)
  2 jackals (D:2)
  4 kobolds
  2 quokkas (D:2)
  4 ball pythons
  3 frilled lizards (D:1)
  2 goblins (D:2)
  A rat (D:2)
21 creatures vanquished.

Vanquished Creatures (collateral kills)
  A sleepcap (D:3)
  3 gnolls (D:2)
  An adder (D:2)
  2 ribbon worms (D:2)
  3 endoplasms
  A giant cockroach (D:1)
  2 goblins
  2 hobgoblins
  A quokka (D:2)
  3 ball pythons (D:1)
  2 bats (D:1)
  2 frilled lizards
  2 kobolds
  3 rats (D:1)
28 creatures vanquished.

Grand Total: 49 creatures vanquished

Notes
Turn   | Place    | Note
-------+----------+-------------------------------------------
     0 | D:1      | swapadeg the Naga Summoner began the quest for the Orb.
     0 | D:1      | Reached XP level 1. HP: 15/15 MP: 3/3
    40 | D:1      | Found a faded altar of an unknown god.
   222 | D:1      | Reached XP level 2. HP: 18/22 MP: 1/5
   799 | D:2      | Reached XP level 3. HP: 18/30 MP: 6/6
   802 | D:2      | Learned a level 2 spell: Call Imp
   806 | D:2      | Learned a level 3 spell: Call Canine Familiar
  1150 | D:2      | Reached skill level 1 in Fighting
  1153 | D:2      | Reached XP level 4. HP: 32/38 MP: 1/7
  1587 | D:3      | HP: 1/38 [adder (4)]
  1588 | D:3      | Reached XP level 5. HP: 1/44 MP: 2/9
  1594 | D:2      | Slain by an adder

Illustrated notes

Levels and vault maps discovered:
D:1:      sevenhm_arrival_forest_fort_small_3, layout_basic,
          ebering_ecumenical_altar_box
D:2:      layout_rooms
D:3:      layout_rooms, st_stairs_3, minivault_27

Skill      XL: |  1  2  3 |
---------------+----------+-----
Dodging        | 2 |  2.3
Fighting       | 1 |  1.5
Stealth        | 4 |  4.3
Spellcasting   | |  2.7
Summonings     | |  4.5

Action                     |  1- 3 |  4- 6 || total
---------------------------+-------+-------++-------
  Melee: Mace              |    41 |       ||    41
         Unarmed           |     2 |       ||     2
         Punch             |     1 |       ||     1
         Spear             |       |    28 ||    28
   Cast: Summon Small Mamm |    20 |     2 ||    22
         Call Imp          |     3 |     2 ||     5
         Call Canine Famil |     1 |     4 ||     5
    Use: Potion            |     3 |     2 ||     5
         Scroll            |     2 |     1 ||     3
   Stab: Sleeping          |     7 |     2 ||     9
         Distracted        |       |     1 ||     1
 Armour: Robe              |    43 |    24 ||    67
  Dodge: Dodged            |    27 |    19 ||    46
